 Dungeon Crawl Stone Soup version 0.26-a0-597-gb535b0901c (webtiles) character file.

Game seed: 1228146586299564936

55603 Apogee the Thaumaturge (level 14, -5/97 HPs)
             Began as a Gnoll Venom Mage on Sept 8, 2020.
             Was a High Priest of Hepliaklqana.
             Slain by a moth of wrath (shapeshifter) (11 damage)
             ... on level 15 of the Dungeon.
             The game lasted 01:14:49 (22794 turns).

Apogee the Thaumaturge (Gnoll Venom Mage)          Turns: 22794, Time: 01:14:50

Health: -5/97      AC: 14    Str: 15    XL:     14   Next: 78%
Magic:  28/28      EV: 20    Int: 22    God:    Hepliaklqana [*****.]
Gold:   804        SH:  7    Dex: 16    Spells: 9/34 levels left

rFire    + . .     SeeInvis .   a - +4 trident
rCold    . . .     Faith    .   I - +0 buckler
rNeg     + . .     Spirit   .   Y - +0 steam dragon scales
rPois    +         Reflect  .   (no helmet)
rElec    .         Harm     .   x - +2 ratskin cloak {*Rats rPois rN+ Str-1 Int-1 Dex+1}
rCorr    .                      e - +0 pair of gloves
MR       +....                  E - +1 pair of boots
Stlth    ++++++....             k - amulet of Vedism {Regen+ Str+3 Int+2 Stlth+}
HPRegen  0.66/turn              i - ring of protection from fire
MPRegen  0.21/turn              (no ring)

@: lightly drained
A: distributed training, reduced essence, fangs 1, strong nose
a: Recall Ancestor, Ancestor Identity, Transference, Idealise, Renounce Religion


You were on level 15 of the Dungeon.
You worshipped Hepliaklqana.
Hepliaklqana was extremely pleased with you.
You visited 3 branches of the dungeon, and saw 19 of its levels.
You also visited: Sewer and Gauntlet.

You collected 1177 gold pieces.
You spent 373 gold pieces at shops.

Inventory:

Hand Weapons
 a - a +4 trident (weapon)
   (You took it off a wight on level 6 of the Dungeon)
 b - a +1 dagger of flaming
   (You took it off an orc wizard on level 6 of the Dungeon)
 u - the cursed +1 long sword of Peril {venom, *Rage rElec Int+7 Dex+2}
   (You found it on level 15 of the Dungeon)

   It poisons the flesh of those it strikes.
   It affects your intelligence (+7).
   It affects your dexterity (+2).
   It insulates you from electricity.
   It may make you go berserk in combat.
   It has a curse placed upon it.
Missiles
 q - 82 poisoned darts
 D - 15 javelins (quivered)
 J - 381 stones
 M - a throwing net {!f}
 R - 6 atropa-tipped darts
Armour
 e - a +0 pair of gloves (worn)
   (You found it on level 1 of the Dungeon)
 x - the +2 ratskin cloak (worn) {*Rats rPois rN+ Str-1 Int-1 Dex+1}
   (You found it in a Gauntlet)

   It affects your strength (-1).
   It affects your intelligence (-1).
   It affects your dexterity (+1).
   It protects you from poison.
   It protects you from negative energy.
 E - a +1 pair of boots (worn)
   (You found it on level 12 of the Dungeon)
 I - a +0 buckler (worn)
   (You found it on level 7 of the Dungeon)
 Q - the +2 scale mail "Alaipiof" {rElec rC+ Regen+ Str+4}
   (You found it on level 8 of the Dungeon)

   It affects your strength (+4).
   It protects you from cold.
   It insulates you from electricity.
   It increases your rate of regeneration.
 Y - +0 steam dragon scales (worn)
   (You found it on level 10 of the Dungeon)
Jewellery
 i - a ring of protection from fire (left hand)
   (You found it in a Gauntlet)
 k - the amulet of Vedism (around neck) {Regen+ Str+3 Int+2 Stlth+}
   (You found it in a Gauntlet)

   [amulet of regeneration]

   It affects your strength (+3).
   It affects your intelligence (+2).
   It increases your rate of regeneration.
   It makes you more stealthy.
 p - an uncursed ring of flight
   (You found it on level 3 of the Dungeon)
 y - an uncursed ring of resist corrosion
   (You found it on level 3 of the Dungeon)
 S - an uncursed amulet of faith {!P}
   (You found it on level 13 of the Dungeon)
Wands
 c - a wand of disintegration (17)
   (You found it on level 7 of the Dungeon)
 d - a wand of iceblast (27)
   (You found it in a Gauntlet)
 t - a wand of flame (56)
   (You found it on level 4 of the Dungeon)
 L - a wand of polymorph (11)
   (You found it on level 6 of the Dungeon)
Scrolls
 f - 18 scrolls of teleportation {@r4}
 g - 4 scrolls of magic mapping
 h - 4 scrolls of random uselessness
 m - a scroll of identify {@r1}
 n - 2 scrolls of enchant weapon {unknown}
 v - 3 scrolls of noise {!r}
 w - 2 scrolls of torment {unknown}
 B - a scroll of vulnerability {unknown}
 C - 14 scrolls of remove curse {@r2}
 F - 3 scrolls of immolation {!r}
 H - 2 scrolls of blinking
 N - 3 scrolls of enchant armour
 V - 2 scrolls of fear
 W - 4 scrolls of fog
 X - 2 scrolls of amnesia {unknown}
Potions
 j - 3 potions of magic
 l - 8 potions of ambrosia
 o - a potion of berserk rage
 r - 2 potions of mutation {!q}
 s - 4 potions of heal wounds {@q2}
 z - 6 potions of curing {@q1}
 A - 4 potions of stabbing
 G - 3 potions of flight
 K - 2 potions of lignification {!q}
 O - a potion of resistance
 P - 4 potions of haste {@q3}
 T - 4 potions of brilliance
 U - 3 potions of cancellation
 Z - 2 potions of might


   Skills:
 + Level 9.5(9.4) Fighting
 + Level 9.5(9.4) Short Blades
 + Level 9.5(9.4) Long Blades
 + Level 9.5(9.4) Axes
 + Level 9.5(9.4) Maces & Flails
 + Level 9.5(9.4) Polearms
 + Level 9.5(9.4) Staves
 + Level 9.5(9.4) Slings
 + Level 9.5(9.4) Bows
 + Level 9.5(9.4) Crossbows
 + Level 9.5(9.4) Throwing
 + Level 9.5(9.4) Armour
 + Level 10.5(10.4) Dodging
 + Level 10.3(10.2) Stealth
 + Level 9.5(9.4) Shields
 + Level 9.5(9.4) Unarmed Combat
 + Level 10.6 Spellcasting
 + Level 7.9(7.8) Conjurations
 + Level 7.9(7.8) Hexes
 + Level 7.9(7.8) Summonings
 + Level 7.9(7.8) Necromancy
 + Level 7.9(7.8) Translocations
 + Level 8.3(8.2) Transmutations
 + Level 7.9(7.8) Fire Magic
 + Level 7.9(7.8) Ice Magic
 + Level 7.9(7.8) Air Magic
 + Level 7.9(7.8) Earth Magic
 + Level 9.7(9.6) Poison Magic
 + Level 10.3(10.2) Invocations
 + Level 9.5(9.4) Evocations


You had 9 spell levels left.
You knew the following spells:

 Your Spells              Type           Power        Failure   Level
a - Sting                 Tmut/Pois      ####         1%          1
b - Ignite Poison         Fire/Tmut/Pois #####...     1%          3
c - Fireball              Conj/Fire      #####.....   6%          5
d - Blink                 Tloc           N/A          1%          2
e - Confusing Touch       Hex            #####...     1%          3
w - Summon Mana Viper     Hex/Summ       #####...     6%          5
x - Poisonous Vapours     Pois/Air       ######       1%          2
y - Olgreb's Toxic Radia  Pois           ######..     1%          4

Your spell library contained the following spells:

 Spells                   Type           Power        Failure   Level
 Corona                   Hex            #####..      1%          1
 Foxfire                  Conj/Fire      ####         1%          1
 Magic Dart               Conj           ####         1%          1
 Call Imp                 Summ           #####...     1%          2
 Ensorcelled Hibernation  Hex/Ice        #####.       1%          2
 Searing Ray              Conj           #####.       1%          2
 Slow                     Hex            #####...     1%          2
 Conjure Flame            Conj/Fire      #####...     1%          3
 Dazzling Flash           Conj/Hex       #####.       1%          3
 Gell's Gravitas          Tloc           #####.....   1%          3
 Inner Flame              Hex/Fire       #####...     1%          3
 Mephitic Cloud           Conj/Pois/Air  #####...     1%          3
 Tukima's Dance           Hex            #####...     1%          3
 Petrify                  Tmut/Erth      #####...     1%          4
 Fulminant Prism          Conj/Hex       #####.....   2%          4
 Iskenderun's Mystic Bla  Conj/Tloc      #####...     2%          4
 Sticky Flame             Conj/Fire      #####...     2%          4
 Metabolic Englaciation   Hex/Ice        #####.....   6%          5
 Summon Demon             Summ           #####.....   6%          5
 Summon Forest            Summ/Tloc      #####.....   6%          5
 Yara's Violent Unravell  Hex/Tmut       #####.....   6%          5
 Shadow Creatures         Summ           N/A          34%         6
 Summon Hydra             Summ           #####.....   88%         7
 Chain Lightning          Conj/Air       #####.....   100%        8
 Lehudib's Crystal Spear  Conj/Erth      #####.....   100%        8
 Absolute Zero            Ice            #####.....   100%        9
 Fire Storm               Conj/Fire      #####.....   100%        9


Dungeon Overview and Level Annotations

Branches:
Dungeon (15/15)            Temple (1/1) D:5            Lair (3/6) D:10
  Swamp (0/4) Lair:2       Spider (0/4) Lair:3          Orc (0/2) D:11
 Vaults (0/5) D:13          Sewer (visited)         Gauntlet (visited)
 Depths: D:15

Altars:
Ashenzari
Cheibriados
Dithmenos
Elyvilon
Fedhas
Gozag
Hepliaklqana
Kikubaaqudgha
Makhleb
Nemelex Xobeh
Okawaru
Qazlal
Ru
Sif Muna
Trog
Uskayaw
Vehumet
Wu Jian
Xom
Yredelemnul
Zin
The Shining One

Shops:
D:9 (![[   D:15 ?

Portals:
Trove: D:11 (give +3 gold dragon scales)

Annotations:
D:2 1 runed translucent door, Crazy Yiuf
D:14 1 runed translucent door, Xaucieph's ghost, journeyman MiFi
Lair:2 1 runed translucent door


Innate Abilities, Weirdness & Mutations

Your experience applies equally to all skills.
You have very sharp teeth.
Your uncanny sense of smell can sniff out nearby items.
Your life essence is reduced to manifest your ancestor. (-10% HP)


Message History

You puncture something!
Reactivating autopickup.
You feel a bit more experienced.
The white ugly thing completely misses you.
Unknown command.
You see here a shapeshifter corpse.
Unknown command.
There is an open door here.
You puncture the white ugly thing!
You block the white ugly thing's attack.
You hit the white ugly thing.
You block the white ugly thing's attack.
You hit the white ugly thing.
You block the white ugly thing's attack.
You puncture the white ugly thing!
You bite the white ugly thing, but do no damage.
The white ugly thing closely misses you.
You barely miss the white ugly thing. Your bite misses the white ugly thing.
You block the white ugly thing's attack.
You puncture the white ugly thing! You puncture the white ugly thing!
A moth of wrath comes into view.
The white ugly thing closely misses you.
The moth of wrath's fur bristles in rage as it notices you.
You puncture the white ugly thing! Your bite misses the white ugly thing.
You block the white ugly thing's attack.
You closely miss the white ugly thing. The white ugly thing misses you.
You hit the white ugly thing. The white ugly thing trunk-slaps you!
The white ugly thing freezes you!!
A hell rat scurries out from under your cloak.
You barely miss the white ugly thing.
The white ugly thing completely misses you.
You hit the white ugly thing but do no damage.
You hit the white ugly thing.
The white ugly thing completely misses you.
The moth of wrath goads the white ugly thing on!
The white ugly thing goes berserk!
You hit the white ugly thing.
The white ugly thing closely misses you.
The moth of wrath bites your hell rat.
The white ugly thing closely misses you.
You barely miss the white ugly thing. The moth of wrath bites your hell rat.
You block the white ugly thing's attack.
You puncture the white ugly thing! The moth of wrath bites your hell rat.
The white ugly thing trunk-slaps you!!
* * * LOW HITPOINT WARNING * * *
The white ugly thing freezes you!!
* * * LOW HITPOINT WARNING * * *
The moth of wrath bites you!
You die...

. #(# ####)....#########.######
.##O####..[..######.....#......##
...RO..z.##.z...................#
#..##############................
..## #### #................ ..#
##..## #................ ###
#..#....###........).......
#......†ury...............
###....##@................
##..#####..............#
####...........#.....## ###
###......##...##### ..#
#...###..####.# ..##
########.####### ### ...###
###.###.###.###.###.. .....#
##..#.#.#R#.#R#.#.#... .....#
#...#.#R#.#R#.#.#.#...


You could see a white ugly thing (berserk), a moth of wrath and a friendly hell
rat.

Vanquished Creatures
  Frances (D:14)
  Agnes (D:14)
  Nessos (D:13)
  A minotaur (Gauntlet)
  An ice dragon (D:15)
  4 hydras
  A two-headed ogre (D:13)
  2 skeletal warriors (D:13)
  A sixfirhy (Gauntlet)
  An orc knight (D:14)
  A necromancer (Gauntlet)
  2 deep elf magi
  An oklob plant (D:9)
  An orc sorcerer (D:14)
  3 cyclopes
  A moth of wrath (Gauntlet)
  Maurice (D:13)
  3 centaur zombies
  A black mamba (Lair:3)
  4 cane toads
  A gargoyle (D:13)
  An efreet (D:14)
  9 komodo dragons
  4 trolls
  A queen bee (shapeshifter) (D:15)
  8 blink frogs
  A polar bear (D:9)
  2 slime creatures (D:14)
  Prince Ribbit (D:9)
  A hornet (D:14)
  8 hippogriffs
  3 redbacks (Lair:3)
  A spriggan (shapeshifter) (D:15)
  A vampire (D:11)
  3 shadows
  3 wraiths
  30 yaks
  5 wyverns
  A basilisk (Lair:2)
  A steam dragon (D:10)
  6 vampire mosquitoes
  A soldier ant (shapeshifter) (D:13)
  2 acid dragons
  4 water moccasins
  8 porcupines
  3 sky beasts
  5 orc warriors
  2 black bears
  3 ice beasts
  3 phantoms
  9 wolves
  3 boggarts (D:15)
  2 ogres
  5 crocodiles
  7 centaurs
  2 big kobolds (D:14)
  5 bullfrogs
  3 scorpions
  16 killer bees (Lair:1)
  8 wights
  A howler monkey (D:5)
  3 electric eels
  A bullfrog zombie (D:5)
  A quasit (D:9)
  4 bullfrog skeletons
  8 hounds
  A gnoll shaman (D:6)
  11 orc priests
  6 centaur skeletons
  20 orc wizards
  Terence (D:3)
  8 worker ants
  A hound zombie (D:5)
  A killer bee simulacrum (D:9)
  2 worker ant zombies
  11 adders
  7 gnolls (D:6)
  2 shadow imps
  2 white imps
  An ufetubus (Gauntlet)
  3 oozes (D:2)
  2 adder skeletons (D:6)
  A worm (D:2)
  2 dart slugs
  9 leopard geckos
  68 orcs
  17 bats
  7 giant cockroaches
  6 goblins
  5 hobgoblins
  21 jackals
  2 quokkas (D:3)
  2 ball pythons (Sewer)
  5 frilled lizards
  10 kobolds
  A leopard gecko skeleton (D:6)
  A quokka skeleton (D:5)
  7 rats
475 creatures vanquished.

Vanquished Creatures (collateral kills)
  A catoblepas (D:13)
  A centaur warrior (D:15)
  2 two-headed ogres
  A skeletal warrior (D:13)
  2 unseen horrors
  A phantasmal warrior (D:13)
  A deep elf mage (D:15)
  2 manticores
  3 black mambas
  A cane toad (shapeshifter) (D:11)
  A cane toad (Lair:1)
  2 komodo dragons (Lair:2)
  An ice devil (Gauntlet)
  A queen bee (Lair:1)
  A troll (D:12)
  4 slime creatures
  2 blink frogs (Lair:1)
  A vampire (D:14)
  A yak (shapeshifter) (D:15)
  A wyvern (D:14)
  7 yaks
  A basilisk (Lair:3)
  4 vampire mosquitoes
  2 acid dragons
  A water moccasin (Lair:1)
  3 porcupines (Lair:1)
  A hornet zombie (D:15)
  An eye of draining (D:15)
  2 ice beasts
  3 orc warriors
  A sky beast (D:8)
  2 wolves
  2 phantoms
  3 crocodiles
  A nameless horror (D:14)
  5 bullfrogs
  A wyvern skeleton (D:15)
  7 killer bees (Lair:1)
  10 wights
  2 orc wizards
  A centaur skeleton (D:10)
  4 hounds
  A jelly (D:11)
  3 bullfrog skeletons
  2 iguanas
  A worker ant (D:10)
  A howler monkey zombie (D:9)
  3 adders
  3 white imps
  An ufetubus (Gauntlet)
  An ooze (D:7)
  A leopard gecko (D:10)
  11 orcs
  2 jackals (D:6)
124 creatures vanquished.

Vanquished Creatures (others)
  11 knights
  5 ancestors
  9 fungi
  25 plants
  14 toadstools (Lair:2)
  3 withered plants (Gauntlet)
67 creatures vanquished.

Grand Total: 666 creatures vanquished

Notes
Turn   | Place    | Note
-------+----------+-------------------------------------------
     0 | D:1      | Apogee the Gnoll Venom Mage began the quest for the Orb.
     0 | D:1      | Reached XP level 1. HP: 13/13 MP: 6/6
    47 | D:1      | Reached XP level 2. HP: 10/19 MP: 0/7
    51 | D:1      | Learned a level 2 spell: Poisonous Vapours
   811 | D:1      | Reached XP level 3. HP: 25/25 MP: 7/9
   835 | D:1      | Found a glowing golden altar of the Shining One.
  1215 | D:2      | Reached skill level 5 in Spellcasting
  1528 | D:2      | Reached skill level 1 in Invocations
  1712 | D:2      | Reached skill level 1 in Fighting
  1712 | D:2      | Reached skill level 1 in Short Blades
  1712 | D:2      | Reached skill level 1 in Long Blades
  1712 | D:2      | Reached skill level 1 in Axes
  1712 | D:2      | Reached skill level 1 in Maces & Flails
  1712 | D:2      | Reached skill level 1 in Polearms
  1712 | D:2      | Reached skill level 1 in Staves
  1712 | D:2      | Reached skill level 1 in Slings
  1712 | D:2      | Reached skill level 1 in Bows
  1712 | D:2      | Reached skill level 1 in Crossbows
  1712 | D:2      | Reached skill level 1 in Throwing
  1712 | D:2      | Reached skill level 1 in Armour
  1712 | D:2      | Reached skill level 1 in Shields
  1712 | D:2      | Reached skill level 1 in Unarmed Combat
  1712 | D:2      | Reached skill level 1 in Evocations
  1916 | D:2      | Reached XP level 4. HP: 21/32 MP: 3/11
  2169 | D:2      | Found a runed translucent door.
  2170 | D:2      | Noticed Crazy Yiuf
  2650 | D:3      | Noticed a sky beast
  2662 | D:3      | Killed a sky beast
  2662 | D:3      | Reached skill level 1 in Conjurations
  2662 | D:3      | Reached skill level 1 in Hexes
  2662 | D:3      | Reached skill level 1 in Summonings
  2662 | D:3      | Reached skill level 1 in Necromancy
  2662 | D:3      | Reached skill level 1 in Translocations
  2662 | D:3      | Reached skill level 1 in Fire Magic
  2662 | D:3      | Reached skill level 1 in Ice Magic
  2662 | D:3      | Reached skill level 1 in Air Magic
  2662 | D:3      | Reached skill level 1 in Earth Magic
  2662 | D:3      | Reached XP level 5. HP: 37/37 MP: 1/12
  3211 | D:3      | Reached XP level 6. HP: 44/44 MP: 6/13
  3709 | D:3      | Noticed Terence
  3726 | D:3      | Killed Terence
  4141 | D:4      | Reached skill level 5 in Dodging
  4346 | D:4      | Noticed a phantom
  4527 | D:4      | Found a shimmering blue altar of Sif Muna.
  4540 | D:4      | Learned a level 4 spell: Olgreb's Toxic Radiance
  4544 | D:4      | Learned a level 3 spell: Ignite Poison
  4668 | D:4      | Found a glowing drain.
  4672 | Sewer    | Entered a sewer
  5133 | D:4      | Found a white marble altar of Elyvilon.
  5134 | D:4      | Found a shimmering altar of Xom.
  5237 | D:4      | Reached XP level 7. HP: 50/50 MP: 9/15
  5358 | D:4      | Found a sacrificial altar of Ru.
  5450 | D:5      | Entered Level 5 of the Dungeon
  5653 | D:5      | Reached skill level 5 in Stealth
  5772 | D:5      | Found a shadowy altar of Dithmenos.
  5857 | D:5      | Found a staircase to the Ecumenical Temple.
  5870 | Temple   | Entered the Ecumenical Temple
  5940 | Temple   | Became a worshipper of Hepliaklqana the Forgotten
  6107 | D:5      | Found a blossoming altar of Fedhas.
  6206 | D:6      | Reached XP level 8. HP: 51/51 MP: 8/16
  6326 | D:6      | Found a shattered altar of Ashenzari.
  7626 | D:6      | Reached * piety under Hepliaklqana
  7695 | D:7      | Reached XP level 9. HP: 47/58 MP: 12/18
  8624 | D:8      | Got a heavily runed scale mail
  8635 | D:8      | Identified the +2 scale mail "Alaipiof" {rElec rC+ Regen+
                  | Str+4} (You found it on level 8 of the Dungeon)
  9008 | D:8      | Noticed a troll
  9014 | D:8      | Killed a troll
  9014 | D:8      | Reached skill level 5 in Invocations
  9151 | D:8      | Reached ** piety under Hepliaklqana
  9181 | D:8      | Found a shimmering blue altar of Sif Muna.
  9587 | D:8      | Found a stormy altar of Qazlal.
  9589 | D:8      | Found a sparkling altar of Nemelex Xobeh.
  9589 | D:8      | Found a radiant altar of Vehumet.
  9589 | D:8      | Found a snail-covered altar of Cheibriados.
  9590 | D:8      | Found a glowing silver altar of Zin.
  9591 | D:8      | Found an ornate altar of the Wu Jian Council.
  9594 | D:8      | Found an opulent altar of Gozag.
  9836 | D:9      | Noticed an oklob plant
  9837 | D:9      | Found a glowing silver altar of Zin.
  9849 | D:9      | Killed an oklob plant
  9849 | D:9      | Reached XP level 10. HP: 43/65 MP: 20/20
 10014 | D:9      | Reached skill level 5 in Fighting
 10014 | D:9      | Reached skill level 5 in Short Blades
 10014 | D:9      | Reached skill level 5 in Long Blades
 10014 | D:9      | Reached skill level 5 in Axes
 10014 | D:9      | Reached skill level 5 in Maces & Flails
 10014 | D:9      | Reached skill level 5 in Polearms
 10014 | D:9      | Reached skill level 5 in Staves
 10014 | D:9      | Reached skill level 5 in Slings
 10014 | D:9      | Reached skill level 5 in Bows
 10014 | D:9      | Reached skill level 5 in Crossbows
 10014 | D:9      | Reached skill level 5 in Throwing
 10014 | D:9      | Reached skill level 5 in Armour
 10014 | D:9      | Reached skill level 5 in Shields
 10014 | D:9      | Reached skill level 5 in Unarmed Combat
 10014 | D:9      | Reached skill level 5 in Evocations
 10143 | D:9      | Found Jextipne's Distillery.
 10148 | D:9      | Bought a potion of brilliance for 56 gold pieces
 10148 | D:9      | Bought a potion of might for 56 gold pieces
 10148 | D:9      | Bought 2 potions of degeneration for 28 gold pieces
 10148 | D:9      | Bought a potion of lignification for 42 gold pieces
 10148 | D:9      | Bought a potion of haste for 140 gold pieces
 10458 | D:9      | Found Pemiphu's Weapon Shop.
 10626 | D:9      | Found Fadghool's Armour Boutique.
 10630 | D:9      | Found Tofohyl's Armour Emporium.
 10630 | D:9      | Noticed Prince Ribbit
 10640 | D:9      | Killed Prince Ribbit
 10641 | D:9      | Remembered your ancestor Badman! as a knight
 10817 | D:10     | Entered Level 10 of the Dungeon
 10838 | D:10     | Reached skill level 5 in Transmutations
 10951 | D:10     | Found a staircase to the Lair.
 11121 | D:10     | Reached XP level 11. HP: 54/72 MP: 12/22
 11279 | D:10     | Reached *** piety under Hepliaklqana
 11532 | D:10     | Found an opulent altar of Gozag.
 11676 | D:10     | Reached skill level 5 in Conjurations
 11676 | D:10     | Reached skill level 5 in Hexes
 11676 | D:10     | Reached skill level 5 in Summonings
 11676 | D:10     | Reached skill level 5 in Necromancy
 11676 | D:10     | Reached skill level 5 in Translocations
 11676 | D:10     | Reached skill level 5 in Fire Magic
 11676 | D:10     | Reached skill level 5 in Ice Magic
 11676 | D:10     | Reached skill level 5 in Air Magic
 11676 | D:10     | Reached skill level 5 in Earth Magic
 12174 | Lair:1   | Entered Level 1 of the Lair of Beasts
 13204 | Lair:2   | Reached XP level 12. HP: 78/80 MP: 8/24
 13336 | Lair:2   | Found a staircase to the Swamp.
 13404 | Lair:2   | Found a gate leading to a gauntlet.
 13414 | Gauntlet | Entered a Gauntlet
 13414 | Gauntlet | Found a transporter.
 13414 | Gauntlet | Found a transporter.
 13414 | Gauntlet | Found a transporter.
 13414 | Gauntlet | Noticed a death yak
 13414 | Gauntlet | Noticed a death yak
 13414 | Gauntlet | Noticed a death yak
 13414 | Gauntlet | Noticed a death yak
 13414 | Gauntlet | Noticed a death yak
 13434 | Gauntlet | Found a transporter.
 13444 | Gauntlet | Found a transporter.
 13462 | Gauntlet | Found the +2 ratskin cloak {*Rats rPois rN+ Str-1 Int-1
                  | Dex+1}
 13465 | Gauntlet | Found a transporter.
 13471 | Gauntlet | Found a transporter.
 13479 | Gauntlet | Found a transporter.
 13497 | Gauntlet | Found a transporter.
 13505 | Gauntlet | Found a transporter.
 13522 | Gauntlet | Found a transporter.
 13545 | Gauntlet | Found a transporter.
 13669 | Gauntlet | Got an ancient crystal amulet
 13675 | Gauntlet | Identified the amulet of Vedism {Regen+ Str+3 Int+2 Stlth+}
                  | (You found it in a Gauntlet)
 13968 | Gauntlet | Learned a level 5 spell: Fireball
 13980 | Gauntlet | Noticed a minotaur
 13989 | Gauntlet | Killed a minotaur
 14243 | Lair:2   | Reached **** piety under Hepliaklqana
 14569 | Lair:2   | Noticed a catoblepas
 14569 | Lair:2   | Noticed a catoblepas
 14570 | Lair:2   | Found the cursed +14 obsidian axe {vorpal, +Fly SInv
                  | *Curse}
 14590 | Lair:2   | Found a runed translucent door.
 15244 | Lair:3   | Found a hole to the Spider Nest.
 15545 | Lair:3   | Reached XP level 13. HP: 55/88 MP: 20/26
 16337 | D:10     | Learned a level 2 spell: Blink
 16341 | D:10     | Learned a level 3 spell: Confusing Touch
 17210 | D:11     | Found a staircase to the Orcish Mines.
 17633 | D:11     | Found a portal to a secret trove of treasure.
 17755 | D:11     | Found a snail-covered altar of Cheibriados.
 17773 | D:11     | Learned a level 5 spell: Summon Mana Viper
 18023 | D:12     | Found a snail-covered altar of Cheibriados.
 18110 | D:12     | Reached ***** piety under Hepliaklqana
 18814 | D:13     | Noticed Maurice
 18818 | D:13     | Killed Maurice
 18995 | D:13     | Reached skill level 10 in Spellcasting
 19204 | D:13     | Noticed Nessos
 19224 | D:13     | Killed Nessos
 19898 | D:13     | Reached XP level 14. HP: 69/95 MP: 28/28
 20029 | D:13     | Reached skill level 10 in Dodging
 20129 | D:13     | Found a gate to the Vaults.
 20371 | D:14     | Noticed Agnes
 20385 | D:14     | Killed Agnes
 20598 | D:13     | Reached skill level 10 in Stealth
 20986 | D:14     | Noticed Frances
 21003 | D:14     | Killed Frances
 21003 | D:14     | Reached skill level 10 in Invocations
 21744 | D:14     | Found a runed translucent door.
 21744 | D:14     | Noticed Xaucieph's ghost (journeyman MiFi)
 21827 | D:14     | You fall into a shaft and drop 1 floor!
 21827 | D:15     | Entered Level 15 of the Dungeon
 22207 | D:15     | Found Acvy's Magic Scroll Emporium.
 22598 | D:15     | Got a transparent long sword
 22609 | D:15     | Identified the cursed +1 long sword of Peril {venom, *Rage
                  | rElec Int+7 Dex+2} (You found it on level 15 of the
                  | Dungeon)
 22615 | D:15     | Bought 3 scrolls of random uselessness for 51 gold pieces
 22794 | D:15     | Slain by a moth of wrath (shapeshifter)

Illustrated notes

Levels and vault maps discovered:
D:1:      dpeg_arrival_orchard, layout_basic, minmay_misc_feat_doors,
          minmay_hedge_maze, grunt_decor_cap, minivault_23,
          corexii_corridor_pit, tso_altar
D:2:      layout_basic, roderic_lattice_a, grunt_ministairs_1,
          uniq_crazy_yiuf_cottage
D:3:      layout_loops_cross, uniq_terence
D:4:      layout_rooms, lemuel_doored_altar, gammafunk_temple_overflow_statue,
          gup_sewer_entry_bowl, led_sif_book
D:5:      layout_rooms, kennysheep_mini_moat, minmay_temple_entry_tees,
          basic_altar, kennysheep_generic_room_10
D:6:      layout_rooms, ashenzari_conservatory_becter
D:7:      layout_rooms
D:8:      layout_loops_ring, minitemple, lemuel_coloured_pillars_altar,
          st_stairs_5
D:9:      layout_irregular_city, serial_shops, shop, nicolae_shop_stone,
          nicolae_shop_stone, nicolae_shop_trees, serial_ice, serial_ice_a,
          serial_ice_f, serial_ice_e, serial_ice_m, lemuel_oklob_altar,
          uniq_prince_ribbit1
D:10:     layout_loops_ring, erik_lair_island, enter_bailey_6,
          nicolae_gozag_cash_rules_everything_around_me
D:11:     layout_cave_pools, hiddenorc2_lemuel, basic_altar, enter_trove_1
D:12:     layout_roguey, cheibriados_altar_1
D:13:     layout_stronghold, david_vaults_4, uniq_maurice, uniq_nessos
D:14:     layout_basic, ebering_ghost_inner_flame, minmay_misc_feat_square,
          minivault_24, minmay_orc_keep, uniq_frances, uniq_agnes
D:15:     gammafunk_enter_depths_forms, layout_rooms, grunt_decor_resistance,
          serial_shops, shop
Temple:   compressed_dpeg_triangle_lava_temple
Lair:1:   layout_roguey [special_room_bee], beast_lair_carwin_6
Lair:2:   gammafunk_lair_enchanted_lake, layout_misc_corridors, swamp_mist,
          gauntlet_entry_generic, st_stairs_9, serial_bayou_pond_c,
          serial_bayou_ford_a
Lair:3:   layout_regular_city, spider_nest_entry_funnel_web, beast_lair_carwin_5

Skill      XL: |  1  2  3  4  5  6  7  8  9 10 11 12 13 14 |
---------------+-------------------------------------------+-----
Transmutations | 2 3 4 5 6 7 8 |  8.3
Spellcasting   | 5 6 7 8 9 10 | 10.6
Invocations    | 1 2 3 4 5 6 7 8 9 10 | 10.3
Fighting       | 1 2 3 4 5 6 7 8 9 |  9.5
Short Blades   | 1 2 3 4 5 6 7 8 9 |  9.5
Long Blades    | 1 2 3 4 5 6 7 8 9 |  9.5
Axes           | 1 2 3 4 5 6 7 8 9 |  9.5
Maces & Flails | 1 2 3 4 5 6 7 8 9 |  9.5
Polearms       | 1 2 3 4 5 6 7 8 9 |  9.5
Staves         | 1 2 3 4 5 6 7 8 9 |  9.5
Slings         | 1 2 3 4 5 6 7 8 9 |  9.5
Bows           | 1 2 3 4 5 6 7 8 9 |  9.5
Crossbows      | 1 2 3 4 5 6 7 8 9 |  9.5
Throwing       | 1 2 3 4 5 6 7 8 9 |  9.5
Armour         | 1 2 3 4 5 6 7 8 9 |  9.5
Shields        | 1 2 3 4 5 6 7 8 9 |  9.5
Unarmed Combat | 1 2 3 4 5 6 7 8 9 |  9.5
Evocations     | 1 2 3 4 5 6 7 8 9 |  9.5
Conjurations   | 1 2 3 4 5 6 7 |  7.9
Hexes          | 1 2 3 4 5 6 7 |  7.9
Summonings     | 1 2 3 4 5 6 7 |  7.9
Necromancy     | 1 2 3 4 5 6 7 |  7.9
Translocations | 1 2 3 4 5 6 7 |  7.9
Fire Magic     | 1 2 3 4 5 6 7 |  7.9
Ice Magic      | 1 2 3 4 5 6 7 |  7.9
Air Magic      | 1 2 3 4 5 6 7 |  7.9
Earth Magic    | 1 2 3 4 5 6 7 |  7.9
Dodging        | 5 6 7 8 9 10 | 10.5
Stealth        | 5 6 7 8 9 10 | 10.3
Poison Magic   | 6 7 8 9 |  9.7

Action                   |  1- 3 |  4- 6 |  7- 9 | 10-12 | 13-15 || total
-------------------------+-------+-------+-------+-------+-------++-------
Melee: Unarmed           |     7 |       |       |       |       ||     7
       Club              |    58 |       |       |       |       ||    58
       Dagger            |     4 |   110 |    70 |       |    40 ||   224
       Bite              |     1 |    16 |    25 |    36 |   102 ||   180
       Whip              |       |    11 |       |       |       ||    11
       Punch             |       |     1 |     3 |       |       ||     4
       Trident           |       |       |   157 |   412 |   783 ||  1352
       Dire flail        |       |       |    31 |       |       ||    31
Throw: Stone             |       |       |       |     4 |       ||     4
       Javelin           |       |       |       |       |     5 ||     5
 Cast: Sting             |    33 |    17 |    15 |     3 |     6 ||    74
       Poisonous Vapours |    12 |    37 |    21 |    40 |    48 ||   158
       Olgreb's Toxic Ra |       |     5 |     7 |    28 |    18 ||    58
       Ignite Poison     |       |     1 |     6 |    29 |    22 ||    58
       Summon Mana Viper |       |       |       |       |    15 ||    15
       Fireball          |       |       |       |       |    20 ||    20
       Confusing Touch   |       |       |       |       |     8 ||     8
       Blink             |       |       |       |       |     5 ||     5
Invok: Recall Ancestor   |       |       |     2 |     2 |     5 ||     9
       Ancestor Identity |       |       |     1 |       |     1 ||     2
       Ancestor Life: Kn |       |       |       |     1 |       ||     1
       Transference      |       |       |       |       |     1 ||     1
Evoke: Wand              |       |       |       |     4 |     4 ||     8
  Use: Scroll            |       |       |    13 |     6 |    12 ||    31
       Potion            |       |       |     1 |     2 |       ||     3
 Stab: Sleeping          |     1 |     4 |     7 |    13 |    23 ||    48
       Distracted        |       |       |     3 |     8 |     7 ||    18
       Paralysed         |       |       |       |       |     8 ||     8
       Confused          |       |       |       |       |     6 ||     6
Armor: Robe              |    10 |       |       |       |       ||    10
       Leather armour    |    28 |    33 |       |       |       ||    61
       Troll leather arm |       |       |    13 |       |       ||    13
       Ring mail         |       |       |    60 |       |       ||    60
       Scale mail        |       |       |    10 |   114 |    35 ||   159
       Steam dragon scal |       |       |       |       |   159 ||   159
Dodge: Dodged            |   100 |   121 |   165 |   225 |   530 ||  1141
Block: Buckler           |       |       |    20 |   119 |   193 ||   332

Table legend: (Time is in decaauts)
 A = Elapsed time spent in this place.
 B = Non-inter-level travel time spent in this place.
 C = Inter-level travel time spent in this place.
 D = Time resting spent in this place.
 E = Time spent auto-exploring this place.
 F = Levels seen in this place.
 G = Mean time per level.
                   A        B        C        D        E       F      G
               +--------+--------+--------+--------+--------+-----+--------+
         Total |  22858 |  21864 |    994 |   4986 |  11783 |  21 | 1088.5 |
       Dungeon |  18244 |  17371 |    873 |   4046 |   9371 |  15 | 1216.3 |
        Temple |     91 |     74 |     17 |      0 |     24 |   1 |   91.0 |
          Lair |   3312 |   3208 |    104 |    654 |   1846 |   3 | 1104.0 |
         Sewer |    495 |    495 |      0 |     74 |    278 |   1 |  495.0 |
      Gauntlet |    715 |    715 |      0 |    212 |    263 |   1 |  715.0 |
               +--------+--------+--------+--------+--------+-----+--------+

Top non-repeatable levels by time:
    D:13: 2077 daAuts
     D:2: 1800 daAuts
    D:10: 1507 daAuts
     D:9: 1327 daAuts
    D:11: 1266 daAuts
  Lair:3: 1234 daAuts
    D:14: 1193 daAuts
     D:1: 1177 daAuts
     D:8: 1176 daAuts
     D:3: 1160 daAuts
     D:6: 1083 daAuts
     D:5: 1056 daAuts
  Lair:2: 1046 daAuts
  Lair:1: 1031 daAuts
     D:7: 1011 daAuts
